 Dungeon Crawl Stone Soup version 0.31-a0-986-g5e6e4ef867 (webtiles) character file.

Game seed: 17430931737064315659

529 grandjackal the Twirler (level 7, -1/53 HPs)
             Began as a Djinni Gladiator on Nov 17, 2023.
             Slain by Ijyb
             ... wielding a +0 club
              (3 damage)
             ... on level 5 of the Dungeon.
             The game lasted 00:05:39 (4113 turns).

grandjackal the Twirler (Djinni Gladiator)          Turns: 4113, Time: 00:05:40

Health: -1/53      AC:  7    Str: 13    XL:     7   Next: 48%
Gold:   224        EV: 12    Int: 11    God:
                   SH:  0    Dex: 15

rFire   + + .        a - +0 quarterstaff
rCold   x . .        (shield currently unavailable)
rNeg    . . .        b - +0 leather armour
rPois   ∞            c - +0 helmet
rElec   .            (no cloak)
rCorr   .            F - +2 pair of gloves
SInv    +            (boots unavailable)
Will    +....        l - amulet of the acrobat
Stlth   +            j - ring of see invisible
HPRegen 0.28/turn    r - ring of willpower
MPRegen 0.00/turn

%: acrobat, infuse magic (-2 HP)
@: flying
A: sickness immunity, fire resistance 2, cold vulnerability 1, float, innate
caster, HP casting, extra vitality 1
a: no special abilities


You were on level 5 of the Dungeon.
You visited 1 branch of the dungeon, and saw 5 of its levels.
You also visited: Sewer.

You collected 224 gold pieces.

Inventory:

Hand Weapons
 a - a +0 quarterstaff (weapon)
Missiles
 d - 3 throwing nets
 e - a javelin
 C - 6 poisoned darts (quivered)
Armour
 b - a +0 leather armour (worn)
 c - a +0 helmet (worn)
 F - a +2 pair of gloves (worn)
Magical Staves
 y - a staff of earth
Jewellery
 i - an amulet of faith
 j - a ring of see invisible (left hand)
 l - an amulet of the acrobat (around neck)
 r - a ring of willpower (right hand)
 v - a ring of willpower
Scrolls
 h - a scroll of enchant armour {unknown}
 m - a scroll of poison {unknown}
 o - 4 scrolls of identify {unknown}
 q - a scroll of teleportation {unknown}
 s - 2 scrolls of vulnerability {unknown}
 t - 2 scrolls of torment {unknown}
 u - a scroll of acquirement {unknown}
 w - a scroll of blinking
 x - 4 scrolls of fear {unknown}
 z - a scroll of summoning {unknown}
 D - a scroll of amnesia {unknown}
Potions
 f - a potion of brilliance {unknown}
 g - a potion of enlightenment {unknown}
 k - 2 potions of degeneration {unknown}
 n - a potion of berserk rage {unknown}
 p - a potion of lignification {unknown}
 A - 3 potions of curing {unknown}
 B - a potion of magic {unknown}
 E - 3 potions of heal wounds {unknown}


   Skills:
 + Level 4.6 Fighting
 + Level 4.7 Staves
 - Level 1.5 Throwing
 - Level 3.2 Dodging
 + Level 2.5 Spellcasting
 + Level 2.5 Conjurations
 + Level 2.5 Hexes
   Level 0.0 Charms
 + Level 2.5 Summonings
 + Level 2.5 Necromancy
 + Level 2.5 Translocations
 + Level 2.5 Transmutations
 + Level 2.5 Fire Magic
 + Level 2.5 Ice Magic
 + Level 2.5 Air Magic
 + Level 2.5 Earth Magic
 + Level 2.5 Poison Magic
 + Level 1.7 Evocations


You knew the following spells:

 Your Spells              Type           Power      Damage    Failure   Level
a - Freeze                Ice            24%        1d4       12%         1
b - Blink                 Tloc           12%        N/A       19%         2
c - Call Canine Familiar  Summ           6%         N/A       36%         3
Your spell library was empty.

Dungeon Overview and Level Annotations

Branches:
Dungeon (5/15)              Sewer (visited)
 Temple: D:4-7

Altars:
Qazlal
Wu Jian
Zin

Annotations:
D:5 Grinder, Ijyb


Innate Abilities, Weirdness & Mutations

You are immune to sickness and miasma.
You are immune to poison.
Your flesh is very heat resistant. (rF++)
You are vulnerable to cold. (rC-)
You float through the air rather than walking.
You learn spells naturally, not from books.
Your magical power is your life essence.
You have superior vitality. (+4 MHP)


Message History

There is a stone staircase leading up here.
You hit the quokka.
The quokka is almost dead.
The quokka bites you.
You hit the quokka.
You kill the quokka!
No target in view!
No target in view!
Ijyb the Twisted Goblin comes into view.
She is wielding a +0 club and carrying a wand of quicksilver.
Ijyb shouts!
Ijyb is nearby!
Ijyb zaps a wand.
The bolt of dispelling energy misses you.
Ijyb zaps a wand.
The bolt of dispelling energy misses you.
Ijyb completely misses you.
You miss Ijyb.
Ijyb zaps a wand.
The bolt of dispelling energy hits you!
You barely miss Ijyb. Ijyb hits you with a +0 club.
You closely miss Ijyb.
Ijyb zaps a wand.
The bolt of dispelling energy hits you!
You are too injured to fight recklessly!
You are too injured to fight recklessly!
You are too injured to fight recklessly!
You closely miss Ijyb. Ijyb hits you with a +0 club.
Ijyb screams, "Me very upset!"
Ijyb hits you with a +0 club.
You hit Ijyb.
Ijyb is moderately wounded.
Ijyb hits you with a +0 club.
You hit Ijyb.
Ijyb is moderately wounded.
Ijyb zaps a wand.
The bolt of dispelling energy hits you!
* * * LOW HITPOINT WARNING * * *
You hit Ijyb but do no damage.
Ijyb is moderately wounded.
Ijyb hits you but does no damage.
You closely miss Ijyb.
Ijyb is moderately wounded.
Ijyb hits you with a +0 club.
You die...

#...........
#...........
#...........
#...<.......
##...........
#............
#............
##...........
#..@.......#
#..g.......#
#..........#
#..........
........#..
##..........
####..#####
...


You could see Ijyb.

Vanquished Creatures
  2 bullfrogs
  A scorpion (D:4)
  2 iguanas
  An orc wizard (D:4)
  A river rat (D:3)
  17 adders
  A worm (D:2)
  2 dart slugs
  3 orcs (D:4)
  17 ball pythons
  3 bats (D:1)
  6 endoplasms
  9 giant cockroaches
  5 hobgoblins
  5 jackals
  4 kobolds
  8 quokkas
  11 frilled lizards
  3 goblins
  6 rats
107 creatures vanquished.

Notes
Turn   | Place    | Note
-------+----------+-------------------------------------------
     0 | D:1      | grandjackal the Djinni Gladiator began the quest for the
                  | Orb.
     0 | D:1      | Reached XP level 1. HP: 18/18 MP: 0/0
   128 | D:1      | Reached XP level 2. HP: 21/23 MP: 0/0
   331 | D:1      | Found a faded altar of an unknown god.
   416 | D:1      | Reached XP level 3. HP: 29/29 MP: 0/0
   416 | D:1      | Learned a level 1 spell: Freeze
   748 | D:1      | You are sucked into a shaft and drop 1 floor!
   928 | D:1      | Reached skill level 1 in Spellcasting
   928 | D:1      | Reached skill level 1 in Conjurations
   928 | D:1      | Reached skill level 1 in Hexes
   928 | D:1      | Reached skill level 1 in Summonings
   928 | D:1      | Reached skill level 1 in Necromancy
   928 | D:1      | Reached skill level 1 in Translocations
   928 | D:1      | Reached skill level 1 in Transmutations
   928 | D:1      | Reached skill level 1 in Fire Magic
   928 | D:1      | Reached skill level 1 in Ice Magic
   928 | D:1      | Reached skill level 1 in Air Magic
   928 | D:1      | Reached skill level 1 in Earth Magic
   928 | D:1      | Reached skill level 1 in Poison Magic
  1081 | D:2      | Reached XP level 4. HP: 34/34 MP: 0/0
  1498 | D:2      | Reached XP level 5. HP: 40/40 MP: 0/0
  1498 | D:2      | Learned a level 2 spell: Blink
  2108 | D:3      | Found a glowing drain.
  2144 | Sewer    | Entered a sewer
  2238 | Sewer    | Noticed a bullfrog
  2251 | Sewer    | Killed a bullfrog
  2252 | Sewer    | Reached XP level 6. HP: 20/47 MP: 0/0
  3306 | D:4      | Found a glowing silver altar of Zin.
  3334 | D:4      | Reached XP level 7. HP: 44/52 MP: 0/0
  3334 | D:4      | Learned a level 3 spell: Call Canine Familiar
  3383 | D:4      | Found an ornate altar of the Wu Jian Council.
  3394 | D:4      | Reached skill level 1 in Evocations
  3554 | D:4      | Found a stormy altar of Qazlal.
  4058 | D:5      | Entered Level 5 of the Dungeon
  4063 | D:5      | Noticed Grinder
  4101 | D:5      | Noticed Ijyb
  4111 | D:5      | HP: 2/53 [Ijyb/bolt of dispelling energy (15)]
  4113 | D:5      | Slain by Ijyb

Illustrated notes

Levels and vault maps discovered:
D:1:      mrwooster_arrival_statue_2, layout_loops_corners,
          basic_ecumenical_altar
D:2:      layout_basic
D:3:      layout_basic, gup_sewer_entry_spiral
D:4:      minmay_evil_eye, layout_basic, kennysheep_little_box,
          mainiacjoe_overflow_concentric_impassable,
          nicolae_qazlal_general_emergency, chequers_serial_rivers_room_b
D:5:      layout_cave_pods, minmay_temple_entry_overgrown, serial_shops,
          nicolae_shop_trees, uniq_blork_the_orc, uniq_ijyb, uniq_grinder,
          uniq_sigmund

Skill      XL: |  1  2  3  4  5  6  7 |
---------------+----------------------+-----
Staves         | 3 4 |  4.7
Spellcasting   | 1 2 |  2.5
Conjurations   | 1 2 |  2.5
Hexes          | 1 2 |  2.5
Summonings     | 1 2 |  2.5
Necromancy     | 1 2 |  2.5
Translocations | 1 2 |  2.5
Transmutations | 1 2 |  2.5
Fire Magic     | 1 2 |  2.5
Ice Magic      | 1 2 |  2.5
Air Magic      | 1 2 |  2.5
Earth Magic    | 1 2 |  2.5
Poison Magic   | 1 2 |  2.5
Fighting       | 3 4 |  4.6
Evocations     | 1 |  1.7
Throwing       | |  1.5
Dodging        | |  3.2

Action                     |  1- 3 |  4- 6 |  7- 9 || total
---------------------------+-------+-------+-------++-------
  Melee: Quarterstaff      |    83 |   233 |    62 ||   378
  Throw: Dart              |       |     3 |       ||     3
         Throwing net      |       |     1 |       ||     1
   Cast: Freeze            |       |     5 |       ||     5
   Stab: Sleeping          |     1 |       |       ||     1
 Armour: Leather armour    |    45 |   124 |    33 ||   202
  Dodge: Dodged            |    77 |   213 |    34 ||   324

Table legend: (Time is in decaauts)
 A = Elapsed time spent in this place.
 B = Non-inter-level travel time spent in this place.
 C = Inter-level travel time spent in this place.
 D = Time resting spent in this place.
 E = Time spent auto-exploring this place.
 F = Levels seen in this place.
 G = Mean time per level.
                   A        B        C        D        E       F      G
               +--------+--------+--------+--------+--------+-----+--------+
         Total |   4153 |   4022 |    131 |    523 |   2489 |   6 |  692.2 |
       Dungeon |   3741 |   3610 |    131 |    426 |   2404 |   5 |  748.2 |
         Sewer |    411 |    411 |      0 |     97 |     85 |   1 |  411.0 |
               +--------+--------+--------+--------+--------+-----+--------+

Top non-repeatable levels by time:
     D:2: 1011 daAuts
     D:1: 968 daAuts
     D:4: 944 daAuts
     D:3: 793 daAuts
   Sewer: 411 daAuts
     D:5: 24 daAuts
